 Dungeon Crawl Stone Soup version 0.31-a0-192-ga50d7bf3bb (webtiles) character file.

Game seed: 217556008461579487

438 qw the Skirmisher (level 6, -6/36 HPs)
             Began as a Deep Elf Hunter on June 23, 2023.
             Was an Initiate of Okawaru.
             Mangled by an ogre
             ... wielding a +0 giant club
              (30 damage)
             ... on level 4 of the Dungeon.
             The game lasted 00:00:51 (2410 turns).

qw the Skirmisher (Deep Elf Hunter)                 Turns: 2410, Time: 00:00:52

Health: -6/36      AC:  6    Str: 10    XL:     6   Next: 69%
Magic:  8/8        EV: 11    Int: 14    God:    Okawaru [......]
Gold:   154        SH:  0    Dex: 18    Spells: 5/5 levels left

rFire   + . .        Y - +0 shortbow
rCold   . . .        (shield currently unavailable)
rNeg    . . .        i - +0 ring mail
rPois   .            (no helmet)
rElec   .            e - +0 cloak
rCorr   .            (no gloves)
SInv    .            (no boots)
Will    .....        (no amulet)
Stlth   +            g - ring of protection from fire
HPRegen 0.26/turn    (no ring)
MPRegen 0.11/turn

%: no passive effects
@: no status effects
A: no striking features
a: Renounce Religion


You were on level 4 of the Dungeon.
You worshipped Okawaru.
Okawaru was noncommittal.
You visited 1 branch of the dungeon, and saw 4 of its levels.

You collected 184 gold pieces.
You spent 30 gold pieces at shops.


   Skills:
 - Level 2.6 Fighting
 - Level 10.0 Ranged Weapons
 + Level 2.4 Dodging
 - Level 1.2 Stealth


You had 5 spell levels left.
You didn't know any spells.
Your spell library was empty.

Inventory:

Hand Weapons
 Y - a +0 shortbow (weapon)
Armour
 e - a +0 cloak (worn)
 i - a +0 ring mail (worn)
Jewellery
 g - a ring of protection from fire (left hand)
Scrolls
 a - 4 scrolls of identify
 d - a scroll of fog {unknown}
Potions
 b - 3 potions of curing
 c - a potion of enlightenment
 k - 2 potions of mutation

Dungeon Overview and Level Annotations

Branches:
Dungeon (4/15)
 Temple: D:4-7

Altars:
Elyvilon
Gozag
Okawaru
Vehumet
Xom

Shops:
D:2 !


Message History

The sleepcap releases spores at you.
You are engulfed in a cloud of soporific spores!
You fall asleep.
The sleepcap releases spores at you!
You wake up.
You shoot an arrow.
The arrow hits the sleepcap but does no damage.
The sleepcap is severely damaged.
The sleepcap releases spores at you but does no damage.
You shoot an arrow. The arrow hits the sleepcap.
The sleepcap is almost destroyed.
The sleepcap releases spores at you.
You are engulfed in a cloud of soporific spores!
You are unaffected.
You shoot an arrow. The arrow hits the sleepcap.
You destroy the sleepcap!
Okawaru accepts your kill.
Your Ranged Weapons skill increases to level 10!
You start resting.
HP restored.
You now have 154 gold pieces (gained 7).
An ogre comes into view. It is wielding a +0 giant club.
The ogre shouts!
Enter note:
Enter note:
Enter note: You shoot an arrow.
The arrow barely misses the ogre.
The ogre misses you.
You shoot an arrow. The arrow hits the ogre!
The ogre is moderately wounded.
The ogre closely misses you.
You shoot an arrow. The arrow hits the ogre.
The ogre is heavily wounded.
The ogre hits you with a +0 giant club!
You shoot an arrow. The arrow hits the ogre!
The ogre is severely wounded.
You shoot an arrow. The arrow hits the ogre.
The ogre is almost dead.
The ogre hits you with a +0 giant club!!
Ouch! That really hurt!
You die...

#.#.###<##. #..#...#..#
#.#.# #.# #. #..#...#..#
#.#.# #.# . #...:.....#
..#.# # .## #.........#
###.. #. ..#
##.........# ##.
#.##.###.##.>........
#.##............#...#...
#.......O...###...<.....
#@# # ####.####. #.# #.#
#. #.# #.# #. #.# #. #.#
#. #.# #.
##.####.##########.# #.
...................#
#..#########........


You could see an ogre.

Vanquished Creatures
  Grinder (D:3)
  An ogre (D:3)
  A sleepcap (D:4)
  An iguana (D:4)
  3 gnolls (D:2)
  An adder (D:4)
  An ufetubus (D:4)
  A dart slug (D:1)
  2 orcs (D:3)
  4 endoplasms
  A giant cockroach (D:3)
  16 goblins
  4 hobgoblins
  3 ball pythons
  4 bats
  6 kobolds
  4 rats
54 creatures vanquished.

Notes
Turn   | Place    | Note
-------+----------+-------------------------------------------
     0 | D:1      | qw the Deep Elf Hunter began the quest for the Orb.
     0 | D:1      | Reached XP level 1. HP: 12/12 MP: 3/3
     0 | D:1      | 0 ||| qw: Version: 0.3-a-9-g12657ce
     0 | D:1      | 0 ||| qw: Game counter: 4570
     0 | D:1      | 0 ||| qw: Always use a shield: true
     0 | D:1      | 0 ||| qw: God list: Okawaru
     0 | D:1      | 0 ||| qw: Allow faded altars: false
     0 | D:1      | 0 ||| qw: Do Orc after D:15 true
     0 | D:1      | 0 ||| qw: Do second Lair branch before Depths: true
     0 | D:1      | 0 ||| qw: Lair rune preference: random
     0 | D:1      | 0 ||| qw: Plans: Normal
     0 | D:1      | 0 ||| PLANNING D:1-11
   145 | D:1      | 145 ||| FLEEEEING.
   146 | D:1      | 146 ||| FLEEEEING.
   147 | D:1      | 147 ||| FLEEEEING.
   148 | D:1      | 148 ||| FLEEEEING.
   149 | D:1      | 149 ||| FLEEEEING.
   150 | D:1      | 150 ||| FLEEEEING.
   151 | D:1      | 151 ||| FLEEEEING.
   152 | D:1      | 152 ||| FLEEEEING.
   153 | D:1      | 153 ||| FLEEEEING.
   155 | D:1      | 155 ||| FLEEEEING.
   156 | D:1      | 156 ||| FLEEEEING.
   167 | D:1      | Reached skill level 6 in Ranged Weapons
   167 | D:1      | Reached XP level 2. HP: 6/16 MP: 4/4
   363 | D:1      | Found a faded altar of an unknown god.
   664 | D:1      | 664 ||| UPGRADING to +0 cloak.
   669 | D:1      | 669 ||| READING 2 scrolls labelled QECEGAU KULA.
   670 | D:1      | 670 ||| READING scroll labelled GOJAER LIWADYPN.
   675 | D:1      | 675 ||| READING scroll labelled MAIMOSK PIHUGA.
   676 | D:1      | 676 ||| DRINKING 2 coppery potions.
   677 | D:1      | 677 ||| DROPPING scroll of butterflies.
   678 | D:1      | 678 ||| DROPPING potion of brilliance.
   692 | D:2      | Found Irchiaph's Distillery.
   698 | D:2      | 698 ||| BUYING potion of curing (30 gold).
   698 | D:2      | Bought a potion of curing for 30 gold pieces
   698 | D:2      | 698 ||| SHOPLISTING potion of curing (30 gold, have 24).
   698 | D:2      | 698 ||| SHOPLISTING potion of enlightenment (50 gold, have
                  | 24).
   698 | D:2      | 698 ||| SHOPLISTING potion of haste (100 gold, have 24).
   698 | D:2      | 698 ||| SHOPLISTING potion of heal wounds (50 gold, have
                  | 24).
   735 | D:2      | Reached XP level 3. HP: 20/20 MP: 5/5
   738 | D:2      | Reached skill level 7 in Ranged Weapons
   741 | D:2      | Found a shimmering altar of Xom.
  1141 | D:2      | 1141 ||| UPGRADING to +0 ring mail.
  1151 | D:2      | 1151 ||| DROPPING +0 leather armour.
  1152 | D:2      | 1152 ||| DROPPING ring of magical power.
  1153 | D:2      | 1153 ||| UPGRADING to ring of protection from fire.
  1154 | D:2      | 1154 ||| READING scroll labelled UPLYMU KIMUY.
  1155 | D:2      | 1155 ||| READING 4 scrolls of identify.
  1155 | D:2      | 1155 ||| IDENTIFYING viscous cyan potion
  1156 | D:2      | 1156 ||| READING 3 scrolls of identify.
  1156 | D:2      | 1156 ||| IDENTIFYING fuming dark potion
  1157 | D:2      | 1157 ||| READING 2 scrolls of identify.
  1157 | D:2      | 1157 ||| IDENTIFYING inky potion
  1158 | D:2      | 1158 ||| DROPPING potion of degeneration.
  1159 | D:2      | 1159 ||| DROPPING potion of invisibility.
  1242 | D:3      | Noticed Grinder
  1249 | D:3      | Paralysed by Grinder for 5 turns
  1259 | D:3      | Paralysed by Grinder for 3 turns
  1263 | D:3      | Killed Grinder
  1264 | D:3      | Reached skill level 9 in Ranged Weapons
  1264 | D:3      | Reached XP level 4. HP: 15/25 MP: 6/6
  1264 | D:3      | Reached XP level 5. HP: 18/29 MP: 7/7
  1357 | D:3      | Found a radiant altar of Vehumet.
  1398 | D:3      | Noticed an ogre
  1412 | D:3      | Killed an ogre
  1413 | D:3      | Reached XP level 6. HP: 10/36 MP: 8/8
  1417 | D:3      | HP: 8/36 [goblin/+0 club (3)]
  1730 | D:3      | Found an opulent altar of Gozag.
  1730 | D:3      | Found a white marble altar of Elyvilon.
  1730 | D:3      | Found an iron altar of Okawaru.
  1731 | D:3      | 1731 ||| PLANNING OKAWARU WORSHIP
  1737 | D:3      | Became a worshipper of Warmaster Okawaru
  1738 | D:3      | 1738 ||| PLANNING D:1-11
  2026 | D:3      | 2026 ||| READING 4 scrolls of identify.
  2026 | D:3      | 2026 ||| IDENTIFYING fuming red potion
  2297 | D:4      | Reached skill level 10 in Ranged Weapons
  2410 | D:4      | Mangled by an ogre

Levels and vault maps discovered:
D:1:      kilobyte_arrival_exit_the_forest, layout_rooms,
          shapermc_ecumenical_altar_mp_urbaneastern
D:2:      layout_rooms, basic_altar, serial_rivers,
          chequers_serial_rivers_small_b, chequers_serial_rivers_small_3,
          chequers_serial_rivers_large_a, chequers_serial_rivers_micro_b,
          chequers_serial_rivers_small_a, chequers_serial_rivers_small_b,
          serial_shops, shop
D:3:      layout_loops_cross, gammafunk_temple_overflow_claw,
          mainiacjoe_overflow_paths, columned_hall_lemuel, minmay_ogre_servants,
          uniq_grinder
D:4:      layout_loops_ring, gammafunk_ghost_nasty_kobolds

Skill      XL: |  1  2  3  4  5  6 |
---------------+-------------------+-----
Ranged Weapons | 6 9 10 | 10.0
Fighting       | 2 |  2.6
Dodging        | |  2.4
Stealth        | |  1.2

Action                     |  1- 3 |  4- 6 || total
---------------------------+-------+-------++-------
   Fire: Shortbow          |    63 |   102 ||   165
    Use: Scroll            |     7 |     1 ||     8
         Potion            |     1 |       ||     1
 Armour: Leather armour    |     1 |       ||     1
         Ring mail         |     1 |    14 ||    15
  Dodge: Dodged            |     3 |    22 ||    25

Table legend:
 A = Non-vault XP
 B = Vault XP
 C = Vault XP percentage of total XP
 D = Non-vault monster count
 E = Vault monster count
 F = Vault count percentage of total count
                 A         B        C        D         E       F
            +---------+---------+-------+---------+---------+-------
      Total |     200 |     426 |  68.1 |      44 |      10 |  18.5
            +---------+---------+-------+---------+---------+-------
        D:1 |      22 |       0 |   0.0 |      13 |       0 |   0.0
        D:2 |      52 |       0 |   0.0 |      10 |       0 |   0.0
        D:3 |      18 |     426 |  95.9 |      11 |      10 |  47.6
        D:4 |     108 |       0 |   0.0 |      10 |       0 |   0.0
            +---------+---------+-------+---------+---------+-------
